 Dungeon Crawl Stone Soup version 0.30-a0-1082-g70414cbcbb (webtiles) character file.

Game seed: 12359069689423622272

11328 cheesebisquit the Severer (level 11, -10/102 HPs)
             Began as a Hill Orc Fighter on Apr 15, 2023.
             Was an Initiate of Yredelemnul.
             Mangled by a komodo dragon (23 damage)
             ... on level 11 of the Dungeon.
             The game lasted 00:34:14 (10800 turns).

cheesebisquit the Severer (Hill Orc Fighter)       Turns: 10800, Time: 00:34:14

Health: -10/102    AC: 24    Str: 24    XL:     11   Next: 76%
Magic:  11/11      EV:  7    Int: 11    God:    Yredelemnul [......]
Gold:   492        SH:  0    Dex: 10    Spells: 10/10 levels left

rFire   + + .      SeeInvis .    z - +5 battleaxe of Cacaagh {flame, rF+ Will+ Int+3}
rCold   + . .      Faith    .    (shield currently unavailable)
rNeg    . . .      Spirit   .    m - +1 plate armour {rC+}
rPois   .          Reflect  .    k - +1 helmet
rElec   .          Rampage  .    o - +2 cloak
rCorr   .                        Q - +1 pair of gloves
Will    ++...                    (no boots) Stlth
                                 j - amulet of magic regeneration
HPRegen 0.37/turn                i - ring of willpower
MPRegen 0.52/turn                s - ring of protection from fire

@: no status effects
A: no striking features
a: Renounce Religion, Recall Undead Harvest


You were on level 11 of the Dungeon.
You worshipped Yredelemnul.
Yredelemnul was noncommittal.
You visited 2 branches of the dungeon, and saw 12 of its levels.
You also visited: Sewer, Ossuary and Bailey.

You collected 492 gold pieces.

Inventory:

Hand Weapons
 n - the +6 war axe "Goblinslayer" {drain, rPois}
   (You found it in a sewer)

   rPois:     It protects you from poison.
 z - the +5 battleaxe of Cacaagh (weapon) {flame, rF+ Will+ Int+3}
   (You found it on level 5 of the Dungeon)

   Int:       It affects your intelligence (+3).
   rF:        It protects you from fire.
   Will:      It increases your willpower.
Missiles
 r - 34 poisoned darts (quivered)
 K - a curare-tipped dart
Armour
 b - a +0 scale mail
 c - a +0 buckler
 k - a +1 helmet (worn)
 l - a +0 plate armour
 m - a +1 plate armour of cold resistance (worn)
 o - a +2 cloak (worn)
 A - a scarf of harm
 Q - a +1 pair of gloves (worn)
Jewellery
 a - a ring of resist corrosion
 i - a ring of willpower (left hand)
 j - an amulet of magic regeneration (around neck)
 s - a ring of protection from fire (right hand)
 G - a +6 ring of dexterity
 N - a +6 ring of intelligence
 R - the amulet of Ilugh {rN++ Will- Regen+ rCorr}
   (You found it on level 8 of the Dungeon)

   [amulet of regeneration]

   rN:        It greatly protects you from negative energy.
   Regen:     It increases your rate of health regeneration.
   rCorr:     It protects you from acid and corrosion.
   Will:      It decreases your willpower.
 S - an amulet of guardian spirit
 T - an amulet of regeneration
 X - an amulet of faith
Wands
 u - a wand of iceblast (25)
 w - a wand of charming (12)
 J - a wand of flame (16)
 P - a wand of acid (3)
 V - a wand of polymorph (7)
Scrolls
 d - a scroll of brand weapon
 f - 2 scrolls of blinking
 g - a scroll of fear
 h - 3 scrolls of magic mapping
 p - a scroll of teleportation
 x - a scroll of fog
 y - 2 scrolls of enchant weapon
 F - a scroll of poison
 H - 2 scrolls of vulnerability
 M - a scroll of butterflies {unknown}
 O - a scroll of torment {unknown}
 W - a scroll of immolation {unknown}
 Y - a scroll of acquirement {unknown}
Potions
 e - 2 potions of berserk rage
 q - 4 potions of heal wounds
 t - a potion of mutation
 v - a potion of brilliance
 B - 4 potions of attraction
 C - 2 potions of cancellation
 D - 4 potions of lignification
 E - 5 potions of curing
 I - a potion of resistance
 L - a potion of magic {unknown}
 U - a potion of degeneration {unknown}


   Skills:
 + Level 11.3 Fighting
 * Level 16.4 Axes
 + Level 10.4 Armour
 - Level 5.2 Shields


You had 10 spell levels left.
You didn't know any spells.
Your spell library contained the following spells:

 Spells                   Type           Power      Damage    Failure   Level
 Magic Dart               Conj           0%         1d3       98%         1
 Call Imp                 Summ           0%         N/A       99%         2
 Hailstorm                Conj/Ice       0%         3d3       100%        3
 Ignite Poison            Fire/Tmut/Pois 0%         N/A       100%        3
 Mephitic Cloud           Conj/Pois/Air  0%         N/A       100%        3
 Ice Form                 Ice/Tmut       0%         N/A       100%        4
 Sticky Flame             Conj/Fire      0%         2d3       100%        4
 Ignition                 Fire           0%         3d3       100%        8
 Simulacrum               Ice/Necr       Unusable   N/A       N/A         6

Dungeon Overview and Level Annotations

Branches:
Dungeon (11/15)            Temple (1/1) D:5            Lair (0/5) D:9
    Orc (0/2) D:10          Sewer (visited)         Ossuary (visited)
 Bailey (visited)

Altars:
Ashenzari
Cheibriados
Dithmenos
Elyvilon
Fedhas
Gozag
Hepliaklqana
Kikubaaqudgha
Makhleb
Nemelex Xobeh
Okawaru
Qazlal
Ru
Sif Muna
Trog
Uskayaw
Vehumet
Wu Jian
Xom
Yredelemnul
Zin
The Shining One

Shops:
D:5 (   D:7 *

Annotations:
D:6 1 runed translucent door, BubbleThief's ghost, novice HOFi


Message History

Something hits you but does no damage.
A centaur comes into view.
You closely miss something.
The sentinel's mark upon you fades away.
Something hits you but does no damage.
You barely miss the centaur.
The centaur hits you but does no damage.
The centaur kicks you but does no damage.
The centaur hits you but does no damage.
The centaur kicks you but does no damage.
You barely miss the centaur. The centaur barely misses you.
The centaur kicks you but does no damage.
You completely miss the centaur.
The centaur hits you but does no damage.
The centaur kicks you but does no damage.
You slice the centaur!! You burn the centaur!
You kill the centaur!
You hear an angry hiss.
Something hits you.
You slice something!! You burn something.
Reactivating autopickup.
You feel a bit more experienced.
A komodo dragon comes into view.
The komodo dragon hisses angrily.
You see here a +0 shortbow.
The komodo dragon bites you but does no damage.
You slash the komodo dragon! You burn the komodo dragon.
The komodo dragon is lightly wounded.
The komodo dragon bites you!!
* * * LOW HITPOINT WARNING * * *
You slash the komodo dragon! You burn the komodo dragon.
The komodo dragon is severely wounded.
The komodo dragon bites you!
* * * LOW HITPOINT WARNING * * *
You closely miss the komodo dragon.
The komodo dragon is severely wounded.
A white ugly thing comes into view.
The komodo dragon bites you!!
You die...
Your body rises from the dead as a mindless zombie.

.#########
.........#
########.#
#.###..ul.#.#
#......##@#.#
#.#####..#..)<#
#........#..#.#
#######.##..#^#
#.##..#.#
#..#..#.#
##.####.# .#
#.# ## #.#


You could see a white ugly thing and a komodo dragon.

Vanquished Creatures
  2 two-headed ogres (D:10)
  An orc knight (Bailey)
  A manticore (D:11)
  Maggie (D:7)
  An unseen horror (D:11)
  A hornet (D:10)
  A shadow (D:10)
  2 wyverns
  8 yaks
  A wraith (D:10)
  A steam dragon (D:8)
  2 vampire mosquitoes (D:11)
  Menkaure (D:4)
  3 wargs (D:9)
  4 water moccasins
  2 ice beasts
  2 sky beasts (D:7)
  10 orc warriors
  A black bear (D:6)
  4 ogres
  2 centaurs
  2 phantoms (D:5)
  2 gnoll sergeants
  3 kobold brigands (D:6)
  2 elf zombies (Ossuary)
  3 bullfrogs
  A scorpion (D:6)
  10 wights
  3 killer bees (D:8)
  6 howler monkeys
  3 centaur zombies (Ossuary)
  11 orc priests
  3 hounds
  3 human zombies (Ossuary)
  A jelly (D:4)
  A gnoll bouda (D:7)
  Crazy Yiuf (D:7)
  Ijyb (D:4)
  2 sleepcaps
  4 iguanas
  7 orc wizards
  Natasha (twice) (D:2)
  2 mummies (Ossuary)
  Robin (D:3)
  11 gnolls
  13 adders
  2 shadow imps (D:6)
  2 white imps
  2 ufetubi
  3 worms
  2 dart slugs
  48 orcs
  12 ball pythons
  2 bats
  9 endoplasms
  12 giant cockroaches
  15 goblins
  10 hobgoblins
  2 jackals (D:4)
  22 kobolds
  11 quokkas
  13 frilled lizards
  A goblin zombie (Ossuary)
  5 hobgoblin zombies (Ossuary)
  11 kobold zombies (Ossuary)
  11 orc zombies (Ossuary)
  5 rats
  A rat zombie (Ossuary)
350 creatures vanquished.

Vanquished Creatures (collateral kills)
  A steam dragon (D:8)
  A kobold brigand (D:10)
  A wight (D:8)
  A killer bee (D:8)
  An orc priest (D:9)
  A white imp (D:7)
  An ufetubus (D:6)
  An orc (D:8)
  2 goblins (D:8)
10 creatures vanquished.

Vanquished Creatures (others)
  A vampire mosquito zombie (D:11)
  A bullfrog (D:8)
  A bullfrog zombie (D:8)
  A centaur zombie (D:11)
  3 killer bee zombies (D:8)
  A hound zombie (D:7)
  4 howler monkey zombies
  A steam dragon zombie (D:8)
  An iguana zombie (D:7)
  An orc (D:8)
  2 gnoll zombies (D:7)
  A goblin (D:8)
  2 goblin zombies (D:8)
  11 orc zombies
  A plant (D:9)
32 creatures vanquished.

Grand Total: 392 creatures vanquished

Notes
Turn   | Place    | Note
-------+----------+-------------------------------------------
     0 | D:1      | cheesebisquit the Hill Orc Fighter began the quest for the
                  | Orb.
     0 | D:1      | Reached XP level 1. HP: 19/19 MP: 1/1
   172 | D:1      | Reached skill level 3 in Axes
   282 | D:1      | Reached XP level 2. HP: 21/27 MP: 2/2
   928 | D:2      | Reached XP level 3. HP: 33/33 MP: 3/3
  1142 | D:2      | Reached skill level 4 in Axes
  1142 | D:2      | Reached XP level 4. HP: 40/40 MP: 4/4
  1259 | D:2      | You fall into a shaft and drop 1 floor!
  1340 | D:3      | Found a glowing drain.
  1355 | Sewer    | Entered a sewer
  1571 | Sewer    | Reached XP level 5. HP: 33/47 MP: 5/5
  1802 | Sewer    | Identified the +6 war axe "Goblinslayer" {drain, rPois}
  1812 | Sewer    | Reached skill level 5 in Axes
  1813 | Sewer    | Reached XP level 6. HP: 32/55 MP: 6/6
  2470 | D:2      | Noticed Natasha
  2477 | D:2      | Killed Natasha
  2549 | D:2      | Noticed Natasha
  2554 | D:2      | Killed Natasha
  2775 | D:3      | Found a faded altar of an unknown god.
  2790 | D:3      | Noticed Robin
  2801 | D:3      | Reached skill level 5 in Fighting
  2801 | D:3      | Reached skill level 6 in Axes
  2808 | D:3      | Killed Robin
  3366 | D:4      | Noticed Ijyb
  3373 | D:4      | Killed Ijyb
  3408 | D:4      | Reached XP level 7. HP: 61/61 MP: 7/7
  3652 | D:4      | Reached skill level 5 in Armour
  3652 | D:4      | Reached skill level 5 in Shields
  3656 | D:4      | Reached skill level 7 in Axes
  3822 | D:4      | Noticed Menkaure
  4004 | D:4      | Killed Menkaure
  4268 | D:5      | Entered Level 5 of the Dungeon
  4271 | D:5      | Identified the +5 battleaxe of Cacaagh {flame, rF+ Will+
                  | Int+3}
  4351 | D:5      | Reached XP level 8. HP: 70/70 MP: 8/8
  4361 | D:5      | Found a basalt altar of Yredelemnul.
  4517 | D:5      | Found a sand-covered staircase.
  4525 | Ossuary  | Entered an ossuary
  4583 | Ossuary  | Reached skill level 8 in Axes
  4750 | Ossuary  | Reached skill level 9 in Axes
  4946 | D:5      | Found a staircase to the Ecumenical Temple.
  4952 | Temple   | Entered the Ecumenical Temple
  5008 | D:5      | Became a worshipper of Yredelemnul the Dark
  5019 | D:5      | Found Xulaen's Weapon Shop.
  5145 | D:5      | Reached skill level 10 in Axes
  5145 | D:5      | Reached XP level 9. HP: 79/79 MP: 9/9
  5590 | D:6      | Found a runed translucent door.
  5590 | D:6      | Noticed BubbleThief's ghost (novice HOFi)
  5681 | D:6      | Found an iron altar of Okawaru.
  5716 | D:6      | Reached * piety under Yredelemnul
  5798 | D:6      | Reached ** piety under Yredelemnul
  5872 | D:6      | Found a white marble altar of Elyvilon.
  5954 | D:6      | Reached *** piety under Yredelemnul
  5985 | D:6      | Reached skill level 11 in Axes
  6129 | D:6      | Reached **** piety under Yredelemnul
  6179 | D:6      | Reached ***** piety under Yredelemnul
  6534 | D:7      | Found an opulent altar of Gozag.
  6537 | D:7      | Identified the +3 hand axe of Hepliaklqana, Sharing {drain,
                  | rElec rC- Dex+5}
  6612 | D:7      | Noticed Maggie
  6627 | D:7      | Killed Maggie
  6628 | D:7      | Reached skill level 12 in Axes
  6681 | D:7      | Reached XP level 10. HP: 90/90 MP: 10/10
  6831 | D:7      | Found a runed translucent door.
  6832 | D:7      | Noticed Crazy Yiuf
  7121 | D:7      | Noticed an Executioner
  7122 | D:7      | Found a burning altar of Makhleb.
  7126 | D:7      | Found a glowing silver altar of Zin.
  7126 | D:7      | Noticed an angel
  7138 | D:7      | Found Guly's General Store.
  7383 | D:7      | Killed Crazy Yiuf
  7474 | D:8      | Reached skill level 13 in Axes
  7760 | D:8      | Identified the +1 spear of Undoing {freeze, rN+ Int+4 SInv}
  7784 | D:8      | Identified the amulet of Ilugh {rN++ Will- Regen+ rCorr}
  7884 | D:8      | Found a flagged portal.
  7892 | Bailey   | Entered a bailey
  8288 | Bailey   | Reached skill level 14 in Axes
  8299 | Bailey   | Noticed an orc knight
  8303 | Bailey   | Killed an orc knight
  8304 | Bailey   | Reached skill level 10 in Fighting
  8697 | D:8      | Found a shimmering blue altar of Sif Muna.
  8781 | D:8      | Found a sparkling altar of Nemelex Xobeh.
  9259 | D:9      | Reached XP level 11. HP: 100/100 MP: 11/11
  9331 | D:9      | Reached skill level 15 in Axes
  9359 | D:9      | Found a staircase to the Lair.
  9880 | D:10     | Entered Level 10 of the Dungeon
  9894 | D:10     | Found a staircase to the Orcish Mines.
  9905 | D:10     | Noticed a two-headed ogre
  9912 | D:10     | Killed a two-headed ogre
 10148 | D:10     | Found a snail-covered altar of Cheibriados.
 10148 | D:10     | Found a sacrificial altar of Ru.
 10219 | D:10     | Noticed a two-headed ogre
 10224 | D:10     | Killed a two-headed ogre
 10225 | D:10     | Reached skill level 10 in Armour
 10490 | D:10     | Reached skill level 16 in Axes
 10771 | D:11     | Noticed a manticore
 10784 | D:11     | Killed a manticore
 10800 | D:11     | Noticed a white ugly thing
 10800 | D:11     | Mangled by a komodo dragon

Illustrated notes

Levels and vault maps discovered:
D:1:      dpeg_arrival_windows_large_door, layout_basic,
          minmay_misc_feat_nine_boxes, nicolae_wormholes
D:2:      layout_loops_ring, minmay_tripent, uniq_natasha
D:3:      layout_basic, portal_sewer_entry_f, nicolae_ecumenical_lake_church,
          uniq_robin
D:4:      minmay_razor_zed, layout_gridville, uniq_ijyb, uniq_menkaure
D:5:      layout_loops_ring, mainiacjoe_overflow_alcove_1,
          minmay_temple_entry_waves, nicolae_ossuary_entry_plus,
          nicolae_take_the_stairs
D:6:      layout_basic, mainiacjoe_overflow_catwalk, lemuel_crystal_altar,
          hellmonk_ghost_happy_afterlife, minmay_unpleasant_kobolds
D:7:      layout_rooms, mainiacjoe_overflow_concentric_impassable,
          grunt_temple_overflow_order_and_chaos_2, serial_shops, shop,
          uniq_crazy_yiuf_cottage, uniq_maggie
D:8:      layout_gridville, lemuel_tele_altar, nemelex_spade_bored_becter,
          enter_bailey_3, hangedman_abyss_or_decor_clamps, skrybe_limestone_x
D:9:      layout_stronghold, erik_lair_orcish_takeover
D:10:     layout_long_grid, gammafunk_temple_overflow_statue, orc_0_dummy,
          kennysheep_generic_room_3
D:11:     layout_basic
Temple:   hellmonk_temple_two_chambers

Skill      XL: |  1  2  3  4  5  6  7  8  9 10 11 |
---------------+----------------------------------+-----
Axes           | 3 4 5 6 7 10 12 14 16 | 16.4
Fighting       | 4 5 6 7 8 10 11 | 11.3
Armour         | 4 5 6 7 9 10 | 10.4
Shields        | 4 5 |  5.2

Action                     |  1- 3 |  4- 6 |  7- 9 | 10-12 || total
---------------------------+-------+-------+-------+-------++-------
  Melee: War axe           |    72 |   185 |    33 |       ||   290
         Battleaxe         |       |       |   207 |   250 ||   457
  Throw: Dart              |       |     5 |    11 |       ||    16
    Use: Potion            |     1 |     2 |     2 |     1 ||     6
         Scroll            |       |       |     2 |    16 ||    18
   Stab: Distracted        |       |     1 |       |     2 ||     3
 Armour: Scale mail        |    15 |       |       |       ||    15
         Plate armour      |    19 |   202 |   159 |   222 ||   602
  Dodge: Dodged            |    27 |    61 |    82 |    84 ||   254
  Block: Buckler           |    14 |    57 |     6 |       ||    77

Table legend: (Time is in decaauts)
 A = Elapsed time spent in this place.
 B = Non-inter-level travel time spent in this place.
 C = Inter-level travel time spent in this place.
 D = Time resting spent in this place.
 E = Time spent auto-exploring this place.
 F = Levels seen in this place.
 G = Mean time per level.
                   A        B        C        D        E       F      G
               +--------+--------+--------+--------+--------+-----+--------+
         Total |  11051 |  10455 |    596 |    215 |   8073 |  15 |  736.7 |
       Dungeon |   9204 |   8613 |    591 |    215 |   6912 |  11 |  836.7 |
        Temple |     17 |     12 |      5 |      0 |     10 |   1 |   17.0 |
         Sewer |   1036 |   1036 |      0 |      0 |    600 |   1 | 1036.0 |
       Ossuary |    285 |    285 |      0 |      0 |    139 |   1 |  285.0 |
        Bailey |    507 |    507 |      0 |      0 |    411 |   1 |  507.0 |
               +--------+--------+--------+--------+--------+-----+--------+

Top non-repeatable levels by time:
     D:4: 1138 daAuts
     D:9: 1060 daAuts
   Sewer: 1036 daAuts
     D:3: 961 daAuts
     D:7: 936 daAuts
     D:6: 916 daAuts
     D:8: 874 daAuts
     D:5: 869 daAuts
     D:1: 867 daAuts
    D:10: 847 daAuts
     D:2: 676 daAuts
  Bailey: 507 daAuts
 Ossuary: 285 daAuts
    D:11: 56 daAuts
  Temple: 17 daAuts
